 Dungeon Crawl Stone Soup version 0.30-a0-304-gdc4b735fe1 (webtiles) character file.

Game seed: 13993362506215337459

100 gruber the Cutter (level 5, 0/30 HPs)
             Began as a Kobold Brigand on Oct 20, 2022.
             Succumbed to an adder's poison
             ... on level 2 of the Dungeon.
             The game lasted 00:01:20 (1114 turns).

gruber the Cutter (Kobold Brigand)                  Turns: 1114, Time: 00:01:21

Health: 0/30       AC:  3    Str:  8    XL:     5   Next: 3%
Magic:  5/5        EV: 14    Int: 11    God:
Gold:   103        SH:  0    Dex: 22    Spells: 4/4 levels left

rFire   . . .      SeeInvis .    a - +2 dagger
rCold   . . .      Faith    .    (no shield)
rNeg    . . .      Spirit   .    b - +0 robe
rPois   .          Reflect  .    (helmet restricted)
rElec   .          Harm     .    c - +0 cloak
rCorr   .          Rampage  .    (no gloves)
Will    .....                    (no boots)
Stlth   ++++......               (no amulet)
HPRegen 0.25/turn                (no ring)
MPRegen 0.09/turn                (no ring)

@: lethally poisoned (0 -> -5), attractive
A: small, no large weapons, nightstalker 3, antennae 1, agile 1
a: no special abilities


You were on level 2 of the Dungeon.
You visited 1 branch of the dungeon, and saw 2 of its levels.

You collected 103 gold pieces.

Inventory:

Hand Weapons
 a - a +2 dagger (weapon)
Missiles
 d - 8 poisoned darts (quivered)
Armour
 b - a +0 robe (worn)
 c - a +0 cloak (worn)
Wands
 n - a wand of roots (9)
Scrolls
 e - a scroll of magic mapping {unknown}
 h - 2 scrolls of identify {unknown}
 i - a scroll of fog {unknown}
 k - a scroll of teleportation {unknown}
 l - a scroll of enchant weapon {unknown}
Potions
 g - a potion of ambrosia {unknown}
 j - a potion of attraction
 m - a potion of haste {unknown}
 o - a potion of curing {unknown}


   Skills:
 - Level 2.1 Fighting
 + Level 6.3 Short Blades
 - Level 2.1 Throwing
 - Level 1.2 Dodging
 - Level 5.3 Stealth


You had 4 spell levels left.
You didn't know any spells.
Your spell library contained the following spells:

 Spells                   Type           Power      Damage    Failure   Level
 Beastly Appendage        Tmut           0%         N/A       34%         1
 Wereblood                Tmut           0%         N/A       47%         2
 Spider Form              Tmut/Pois      0%         N/A       71%         3


Dungeon Overview and Level Annotations

Branches:
Dungeon (2/15)

Altars:


Innate Abilities, Weirdness & Mutations

You are small and have problems with some larger weapons.
You are completely attuned to the shadows.
You have a pair of small antennae on your head.
You are agile. (Dex +4, Str/Int -1)


Message History

You feel sick. The bat barely misses you. The adder closely misses you.
You barely miss the adder.
The adder is heavily wounded.
You feel sick. The bat barely misses you. The adder bites you.
You are more poisoned.
The adder poisons you!
You hit the adder.
The adder is almost dead.
You feel sick. The bat hits you but does no damage. The bat misses you.
The adder bites you.
You are more poisoned.
The adder poisons you!
You closely miss the adder.
The adder is almost dead.
You feel sick. The adder bites you.
You are lethally poisoned!
The adder poisons you! The bat hits you.
You hit the adder.
You kill the adder!
You feel sick. The bat hits you.
You have reached level 5!
You feel stronger.
Unknown command.
You barely miss the bat.
* * * LOW HITPOINT WARNING * * *
You feel sick. The bat misses you.
* * * LOW HITPOINT WARNING * * *
You feel very sick. The bat hits you.
* * * LOW HITPOINT WARNING * * *
You hit the bat but do no damage.
* * * LOW HITPOINT WARNING * * *
You feel sick. The bat barely misses you.
It was a potion of attraction.
You feel attractive to monsters.
* * * LOW HITPOINT WARNING * * *
You feel sick. The bat hits you but does no damage.
It was a potion of mutation.
You feel extremely strange. A pair of antennae grows on your head!
You feel agile.
You die...

#......
....#.#. .
##......
##......
...#.......
#....##
...#.......
<....
...........
...#.......
...#.......
...##......
...b@)....
......†...
..........
..........
..........


You could see a bat.

Vanquished Creatures
  Jessica (D:2)
  Terence (D:2)
  An adder (D:2)
  3 dart slugs
  2 endoplasms (D:1)
  4 hobgoblins
  3 jackals (D:1)
  2 quokkas (D:1)
  7 ball pythons
  3 bats (D:1)
  A frilled lizard (D:1)
  A goblin (D:1)
  4 kobolds (D:1)
  3 rats (D:1)
36 creatures vanquished.

Notes
Turn   | Place    | Note
-------+----------+-------------------------------------------
     0 | D:1      | gruber the Kobold Brigand began the quest for the Orb.
     0 | D:1      | Reached XP level 1. HP: 12/12 MP: 1/1
    86 | D:1      | Reached skill level 3 in Short Blades
   145 | D:1      | Reached XP level 2. HP: 17/17 MP: 2/2
   237 | D:1      | Reached skill level 4 in Short Blades
   487 | D:1      | Reached XP level 3. HP: 12/21 MP: 3/3
   940 | D:2      | Noticed Terence
   942 | D:2      | Killed Terence
   943 | D:2      | Reached skill level 5 in Short Blades
   943 | D:2      | Reached XP level 4. HP: 26/26 MP: 4/4
  1096 | D:2      | Noticed Jessica
  1100 | D:2      | Killed Jessica
  1101 | D:2      | Reached skill level 6 in Short Blades
  1110 | D:2      | Reached XP level 5. HP: 9/30 MP: 5/5
  1113 | D:2      | HP: 1/30 [poisoned by an adder]
  1114 | D:2      | Gained mutation: You have a pair of small antennae on your
                  | head. [potion of mutation]
  1114 | D:2      | Gained mutation: You are agile. (Dex +4, Str/Int -1)
                  | [potion of mutation]
  1114 | D:2      | Succumbed to an adder's poison

Illustrated notes

Levels and vault maps discovered:
D:1:      sevenhm_arrival_forest_fort_large_2, layout_rooms
D:2:      layout_rooms, minmay_door_square, uniq_terence, uniq_jessica

Skill      XL: |  1  2  3  4 |
---------------+-------------+-----
Short Blades   | 3 4 5 6 |  6.3
Fighting       | |  2.1
Throwing       | |  2.1
Dodging        | |  1.2
Stealth        | |  5.3

Action                   |  1- 3 |  4- 6 || total
-------------------------+-------+-------++-------
Melee: Dagger            |    83 |    16 ||    99
Throw: Dart              |    14 |       ||    14
  Use: Potion            |       |     2 ||     2
 Stab: Sleeping          |     9 |     4 ||    13
Armor: Robe              |    13 |     3 ||    16
Dodge: Dodged            |    51 |     7 ||    58

Table legend: (Time is in decaauts)
 A = Elapsed time spent in this place.
 B = Non-inter-level travel time spent in this place.
 C = Inter-level travel time spent in this place.
 D = Time resting spent in this place.
 E = Time spent auto-exploring this place.
 F = Levels seen in this place.
 G = Mean time per level.
                   A        B        C        D        E       F      G
               +--------+--------+--------+--------+--------+-----+--------+
         Total |   1089 |   1045 |     44 |      0 |    834 |   2 |  544.5 |
       Dungeon |   1089 |   1045 |     44 |      0 |    834 |   2 |  544.5 |
               +--------+--------+--------+--------+--------+-----+--------+

Top non-repeatable levels by time:
     D:1: 920 daAuts
     D:2: 168 daAuts
